 Dungeon Crawl Stone Soup version 0.26.1-11-gd32895ea62 (webtiles) character file.

Game seed: 13617626443463536273

44 ubername the Chiller (level 3, -5/24 HPs)
             Began as a Merfolk Ice Elementalist on June 22, 2021.
             Slain by a gnoll
             ... wielding a +0 flail
              (10 damage)
             ... on level 2 of the Dungeon.
             The game lasted 00:04:40 (2377 turns).

ubername the Chiller (Merfolk Ice Elementalist)     Turns: 2377, Time: 00:04:42

Health: -5/24      AC:  3    Str:  6 (8)  XL:     3   Next: 62%
Magic:  4/6        EV: 13    Int: 14 (15) God:
Gold:   64         SH:  0    Dex: 13 (14) Spells: 2/6 levels left

rFire    . . .     SeeInvis .   b - +4 short sword
rCold    . . .     Faith    .   (no shield)
rNeg     . . .     Spirit   .   a - +1 robe
rPois    .         Reflect  .   (no helmet)
rElec    .         Harm     .   (no cloak)
rCorr    .         Rampage  .   (no gloves)
Will     .....                  (no boots)
Stlth    ++........             (no amulet)
HPRegen  0.08/turn              (no ring)
MPRegen  0.10/turn              (no ring)

@: no status effects
A: change form in water, swift swim, stealthy swim
a: no special abilities


You were on level 2 of the Dungeon.
You visited 1 branch of the dungeon, and saw 2 of its levels.

You collected 64 gold pieces.

Inventory:

Hand Weapons
 b - a +4 short sword (weapon)
 f - a +1 dagger of draining
Missiles
 c - 94 stones
 d - 2 boomerangs
 k - 11 poisoned darts (quivered)
Armour
 a - a +1 robe (worn)
Scrolls
 g - 2 scrolls of identify
 h - a scroll of blinking {unknown}
Potions
 e - 2 potions of haste
 i - a potion of curing {unknown}
 j - a potion of degeneration


   Skills:
 + Level 0.1 Fighting
 + Level 1.1 Short Blades
 + Level 0.8 Throwing
 + Level 2.8 Dodging
 + Level 2.2 Stealth
 + Level 2.4 Spellcasting
 + Level 5.0 Ice Magic


You had 2 spell levels left.
You knew the following spells:

 Your Spells              Type           Power        Failure   Level
a - Freeze                Ice            60%          2%          1
b - Frozen Ramparts       Ice            30%          9%          3

Your spell library contained the following spells:

 Spells                   Type           Power        Failure   Level
 Ozocubu's Armour         Ice            15%          9%          3
 Hailstorm                Conj/Ice       8%           63%         4
 Summon Ice Beast         Ice/Summ       8%           63%         4


Dungeon Overview and Level Annotations

Branches:
Dungeon (2/15)

Altars:


Message History

Aim: a gnoll, wielding a +0 flail (lightly wounded)
You freeze the gnoll.
The gnoll is heavily wounded.
The gnoll barely misses you.
You closely miss the gnoll.
The gnoll is heavily wounded.
You hit the gnoll.
The gnoll is almost dead.
The gnoll hits you with a +0 flail!
Ouch! That really hurt!
* * * LOW HITPOINT WARNING * * *
Casting: Freeze (safe; 2% risk of failure)
Confirm with . or Enter, or press ? or * to list all spells.
Aiming: Freeze (safe; 2% risk of failure)
Press: ? - help, Shift-Dir - straight line, f/p - gnoll
Aim: a gnoll, wielding a +0 flail (almost dead)
You freeze the gnoll.
The gnoll is almost dead.
The gnoll hits you with a +0 flail!
You die...

#.##..# #.# ..
#.###.#######.#
..#####.............#
#................#..#
...............#.#..####
........................
....................####
........######.#....####
.......@g.....(.........
........#######.##..####
........# #..#..#
........########.#..####
........#......#.......#
........#......##......#
........#......##......#
........'......###..####
...######......# #..#


You could see a gnoll.

Vanquished Creatures
  An adder (D:2)
  A worm (D:2)
  4 giant cockroaches
  2 goblins
  6 hobgoblins (D:1)
  4 kobolds
  3 bats (D:1)
  5 frilled lizards
  6 rats
32 creatures vanquished.

Notes
Turn   | Place    | Note
-------+----------+-------------------------------------------
     0 | D:1      | ubername the Merfolk Ice Elementalist began the quest for
                  | the Orb.
     0 | D:1      | Reached XP level 1. HP: 13/13 MP: 3/3
   402 | D:1      | Reached XP level 2. HP: 17/19 MP: 1/5
   473 | D:1      | You fall into a shaft and drop 1 floor!
   618 | D:1      | Reached skill level 5 in Ice Magic
  1565 | D:1      | Reached XP level 3. HP: 24/24 MP: 6/6
  1575 | D:1      | Learned a level 3 spell: Frozen Ramparts
  2177 | D:2      | Reached skill level 1 in Short Blades
  2377 | D:2      | Slain by a gnoll

Illustrated notes

Levels and vault maps discovered:
D:1:      kennysheep_arrival_forest, layout_loops_corners
D:2:      layout_basic, chequers_ecumenical_altar_simple_redux,
          chequers_mini_garden

Skill      XL: |  1  2  3 |
---------------+----------+-----
Ice Magic      | 5 |  5.0
Short Blades   | 1 |  1.1
Fighting       | |  0.1
Throwing       | |  0.8
Dodging        | |  2.8
Stealth        | |  2.2
Spellcasting   | |  2.4

Action                   || total
-------------------------++-------
Melee: Short sword       ||    19
Throw: Boomerang         ||    66
       Dart              ||     3
 Cast: Freeze            ||    31
  Use: Potion            ||     2
       Scroll            ||     5
Armor: Robe              ||     7
Dodge: Dodged            ||    30
